AoeStats
← olivera.mariano

Nomad

510636840Analyzed
3v3 RM · 1d ago on Oct 1, 2026· 87m 50s· 6 players
Game mode
Random Map
Map size
210×210
Population
200
Speed
Normal
Resources
Standard
Victory
Conquest
Starting age
Dark Age
Ending age
Imperial Age
RankedLock teamsTeams togetherTeam positionsShared explorationLock speedFull tech treeHidden civsTurbo modeCheats
Victory
Defeat
🇦🇷 Persians · Argentina
934
+12
🇦🇷 Goths · Argentina
777
+19
🇦🇷 Vietnamese · Argentina
712
+21
🇹🇷 Vikings · Türkiye
862
-18
🇹🇷 Koreans · Türkiye
834
-17
🇧🇷 Burmese · Brazil
826
-17
theilor.taiariol
14:03 Feudal Age
14:41 Fishing Lines
22:59 Castle Age
22:19 Scale Mail Armor
22:33 Forging
22:32 Scale Mail Armor
22:37 Scale Barding Armor
22:05 Man-at-Arms
22:38 Arson
23:07 Padded Archer Armor
22:58 Fletching
23:21 Horse Collar
25:20 Stone Mining
35:43 Long Swordsman
36:24 Squires
38:32 Scale Barding Armor
38:46 Elite Skirmisher
44:24 Chain Mail Armor
44:45 Iron Casting
44:05 Bodkin Arrow
44:31 Chain Barding Armor
51:25 Imperial Age
52:32 Imperial Age
52:40 Two-Handed Swordsman
53:05 Gambesons
52:42 Pikeman
55:22 Chemistry
54:43 Ballistics
54:57 Plate Mail Armor
55:28 Blast Furnace
54:25 Champion
56:28 Halberdier
63:52 Wheelbarrow
Morias1stt
12:12 Loom
15:12 Feudal Age
20:34 Castle Age
18:42 Fishing Lines
19:18 Double-Bit Axe
19:31 Man-at-Arms
20:52 Gold Mining
24:27 Medium Warships
27:16 Padded Archer Armor
27:08 Fletching
30:51 Gillnets
37:23 Imperial Age
34:41 Town Watch
35:23 Bow Saw
34:51 Pikeman
35:37 Scale Mail Armor
36:14 Squires
38:07 Elite Varangian Guard
41:03 Two-Man Saw
45:38 Conscription
46:05 Capped Ram
50:09 Elite Longship
53:25 Long Swordsman
54:00 Two-Handed Swordsman
60:11 Ballistics
60:02 Siege Engineers
68:46 Bogsveigar
69:06 Town Patrol
72:22 Leather Archer Armor
72:03 Bodkin Arrow
74:23 Ring Archer Armor
73:54 Bracer
74:10 Careening
74:14 Murder Holes
74:33 Clinker Construction
Dirty Harry
18:20 Feudal Age
26:49 Castle Age
25:51 Fishing Lines
28:52 Fletching
28:59 Double-Bit Axe
29:00 Horse Collar
45:40 Treadmill Crane
48:36 Bow Saw
70:51 Imperial Age
69:23 Town Watch
70:15 Wheelbarrow
69:27 Loom
71:57 Conscription
Camalote
4:20 Loom
13:02 Feudal Age
11:19 Loom
13:08 Feudal Age
17:13 Fishing Lines
21:23 Castle Age
22:11 Fletching
23:51 Gillnets
25:33 Medium Warships
31:57 Double-Bit Axe
39:27 Bloodlines
50:57 Imperial Age
52:15 Wheelbarrow
51:10 Capped Ram
57:50 Light Cavalry
58:43 Bodkin Arrow
59:55 Scale Barding Armor
61:35 Forging
71:26 Heavy Warships
73:56 Hussar
75:16 Demolition Ship
76:29 Horse Collar
78:25 Hand Cart
80:05 Cavalier
82:47 Savar
85:36 Padded Archer Armor
fedetiberio
4:53 Loom
17:18 Feudal Age
18:10 Town Watch
18:14 Double-Bit Axe
19:15 Horse Collar
20:37 Fishing Lines
22:10 Gold Mining
22:10 Stone Mining
22:18 Stone Mining
24:14 Wheelbarrow
28:41 Castle Age
27:24 Bloodlines
26:40 Man-at-Arms
27:27 Scale Mail Armor
27:37 Forging
27:18 Fletching
29:25 Town Patrol
29:59 Heavy Plow
30:12 Bow Saw
30:49 Stone Shaft Mining
30:19 Bodkin Arrow
30:40 Chain Mail Armor
31:00 Iron Casting
30:33 Anarchy
30:59 Hand Cart
30:43 Gillnets
31:05 Medium Warships
31:16 Squires
36:51 Murder Holes
36:37 Treadmill Crane
37:18 Ballistics
37:27 Masonry
37:33 Clinker Construction
37:39 Careening
37:52 Fervor
45:35 Imperial Age
43:54 Elite Skirmisher
44:42 Husbandry
44:41 Heated Shot
46:47 Crop Rotation
47:20 Two-Man Saw
46:45 Conscription
46:28 Perfusion
47:36 Chemistry
47:08 Architecture
49:47 Elite Huskarl
50:44 Pikeman
53:18 Blast Furnace
56:41 Halberdier
62:25 Fervor
65:29 Bracer
65:30 Padded Archer Armor
65:36 Scale Barding Armor
76:28 Carvel Hull
76:29 Shipwright
78:29 Heavy Warships
81:00 Leather Archer Armor
81:06 Chain Barding Armor
83:50 Spies/Treason
olivera.mariano
6:53 Loom
15:35 Feudal Age
16:51 Wheelbarrow
16:05 Double-Bit Axe
16:11 Horse Collar
16:13 Fishing Lines
17:44 Town Watch
19:46 Scale Barding Armor
21:05 Forging
25:32 Castle Age
23:41 Fletching
23:43 Gold Mining
23:44 Stone Mining
26:30 Hand Cart
26:41 Bow Saw
26:34 Scale Mail Armor
28:35 Chain Mail Armor
33:47 Bodkin Arrow
33:56 Town Patrol
41:02 Imperial Age
42:35 Elite Fire Lancer
46:28 Two-Man Saw
46:42 Paper Money
50:50 Plate Mail Armor
51:49 Murder Holes
62:33 Bracer
84:04 Spies/Treason
85:49 Medium Warships
Connection lost

Rejoining the realm…

Still unreachable

The connection could not be restored.

Session expired

The server has moved on; the page needs a fresh start.